 Dungeon Crawl Stone Soup version 0.19-a0-1922-g1e9a4c1 (webtiles) character file.

431 Zenonira the Shield-Bearer (level 7, 0/52 HPs)
             Began as a Formicid Fighter on Oct 25, 2016.
             Killed from afar by Edmund (9 damage)
             ... with a wand of flame
             ... on level 4 of the Dungeon.
             The game lasted 00:04:24 (3589 turns).

Zenonira the Shield-Bearer (Formicid Fighter)       Turns: 3589, Time: 00:04:25

Health: 0/52       AC:  7    Str: 20    XL:     7   Next: 19%
Magic:  7/7        EV:  9    Int:  8    God:
Gold:   160        SH: 10    Dex: 12    Spells: 0 memorised, 6 levels left

rFire  . . .     SeeInvis +     a - +1 war axe
rCold  . . .     Gourm    .     b - +1 scale mail
rNeg   . . .     Faith    .     c - +0 shield
rPois  .         Spirit   .     (helmet unavailable)
rElec  .         Reflect  .     (no cloak)
rCorr  .         Harm     .     (no gloves)
MR     .....                    (no boots)
Stlth  ..........               (no amulet)
                                (no ring)
                                (no ring)

@: no status effects
A: permanent stasis, dig shafts and tunnels, four strong arms, antennae 3
a: Dig, Shaft Self


You were on level 4 of the Dungeon.
You were near starving.

You visited 1 branch of the dungeon, and saw 4 of its levels.

You collected 160 gold pieces.

Inventory:

Hand Weapons
 a - a +1 war axe (weapon)
Armour
 b - a +1 scale mail (worn)
 c - a +0 shield (worn)
Scrolls
 i - 3 scrolls of enchant weapon
Potions
 d - a potion of might
 h - 3 potions of lignification
 p - a potion of brilliance {unknown}
 q - a potion of magic {unknown}
 r - 2 potions of curing {unknown}
 s - a potion of flight {unknown}
Comestibles
 f - 2 bread rations
 g - a meat ration
 n - 2 fruits


   Skills:
 - Level 3.2 Fighting
 + Level 5.1 Axes
 - Level 3.2 Armour
 + Level 7.0 Shields


You had 6 spell levels left.
You didn't know any spells.

Dungeon Overview and Level Annotations

Branches:
Dungeon (4/15)
 Temple: D:4-7

Altars:
Dithmenos

Annotations:
D:4 Edmund


Innate Abilities, Weirdness & Mutations

You are under a permanent stasis effect.
You can dig through walls and to a lower floor.
Your four strong arms can wield two-handed weapons with a shield.
You have a pair of large antennae on your head. (SInv)


Message History

Edmund hits you with a flail of protection!
* * * LOW HITPOINT WARNING * * *
You are too injured to fight recklessly!
You are too injured to fight recklessly!
You are too injured to fight recklessly!
You are too injured to fight recklessly!
You hit Edmund but do no damage.
Edmund is severely wounded.
Edmund hits you with a flail of protection.
* * * LOW HITPOINT WARNING * * *
You hit Edmund but do no damage.
Edmund is severely wounded.
Edmund zaps a wand.
You block the puff of flame. You block Edmund's attack.
You slash Edmund!
Edmund is almost dead.
Edmund hits you but does no damage.
You barely miss Edmund.
Edmund is almost dead.
Edmund zaps a wand.
The puff of flame hits you!
You die...

# ####.##. # #....... #
############.### # {
................ # ###
##.##..####.#.# ....
#.##..# #.#.# .....
#.....# #.#.#
.<....#####.###.# #.#.#
.....l@@.##.###.####.#.#
####..##.##..........#.#
## #.######.######.# #.#
#.#......# #.#
#.#.###### #.# #.#.# #.#
#.#.# #.# #.#.# #.#
#.#.#


You could see Edmund and a leopard gecko.

Vanquished Creatures
  Menkaure (D:4)
  A phantom (D:4)
  An orc priest (D:3)
  An iguana (D:4)
  A worker ant (D:4)
  Robin (D:4)
  4 adders
  3 worms
  A dart slug (D:3)
  2 leopard geckos
  4 orcs
  A ball python (D:3)
  10 bats
  3 giant cockroaches
  13 hobgoblins
  3 jackals (D:2)
  2 quokkas
  3 frilled lizards
  11 goblins
  4 kobolds
  9 rats
79 creatures vanquished.

Notes
Turn   | Place    | Note
-------+----------+-------------------------------------------
     0 | D:1      | Zenonira the Formicid Fighter began the quest for the Orb.
     0 | D:1      | Reached XP level 1. HP: 18/18 MP: 1/1
   114 | D:1      | Reached skill level 4 in Shields
   114 | D:1      | Reached XP level 2. HP: 24/24 MP: 2/2
   582 | D:2      | Reached XP level 3. HP: 25/29 MP: 3/3
  1020 | D:2      | Reached XP level 4. HP: 25/35 MP: 4/4
  1483 | D:3      | Reached skill level 5 in Shields
  2062 | D:3      | Reached XP level 5. HP: 38/41 MP: 5/5
  2550 | D:4      | Noticed Robin
  2739 | D:4      | Killed Robin
  2748 | D:4      | Noticed a phantom
  2826 | D:4      | Killed a phantom
  2826 | D:4      | Reached skill level 6 in Shields
  2826 | D:4      | Reached XP level 6. HP: 19/47 MP: 6/6
  3015 | D:4      | Found a shadowy altar of Dithmenos.
  3200 | D:4      | Noticed Menkaure
  3212 | D:4      | Killed Menkaure
  3212 | D:4      | Reached skill level 5 in Axes
  3212 | D:4      | Reached skill level 7 in Shields
  3212 | D:4      | Reached XP level 7. HP: 14/52 MP: 7/7
  3565 | D:4      | Noticed Edmund
  3589 | D:4      | Killed from afar by Edmund

Vault maps used:
D:1:      minmay_arrival_four_houses
D:2:      first_bread, dk_noncrumbling_3, dk_noncrumbling_4,
          hangedman_decor_points, minmay_misc_feat_encased
D:4:      grunt_dithmenos_smoke, uniq_crazy_yiuf_cottage, uniq_robin,
          uniq_edmund, uniq_menkaure

Skill      XL: |  1  2  3  4  5  6 |
---------------+-------------------+-----
Shields        | 4 5 6 7 |  7.0
Axes           | 3 4 5 |  5.1
Fighting       | |  3.2
Armour         | |  3.2

Action                   |  1- 3 |  4- 6 |  7- 9 || total
-------------------------+-------+-------+-------++-------
Melee: War axe           |    94 |   176 |    23 ||   293
  Use: Scroll            |       |    12 |       ||    12
  Eat: Chunk             |       |     7 |       ||     7
Armor: Scale mail        |    46 |    57 |     3 ||   106
Dodge: Dodged            |    43 |    58 |     3 ||   104
Block: Shield            |    52 |    85 |     9 ||   146
